 Dungeon Crawl Stone Soup version 0.27.1-34-g3ba077fa99 (webtiles) character file.

Game seed: 13627702553303005233

2 Sharkman1231 the Digger (level 1, -6/13 HPs)
             Began as a Demonspawn Earth Elementalist on Jan 20, 2022.
             Mangled by a gnoll (11 damage)
             ... on level 1 of the Dungeon.
             The game lasted 00:00:25 (353 turns).

Sharkman1231 the Digger (DsEE)                       Turns: 353, Time: 00:00:26

Health: -6/13      AC:  2    Str:  8    XL:     1   Next: 33%
Magic:  3/3        EV: 12    Int: 16    God:
Gold:   0          SH:  0    Dex: 13    Spells: 3/4 levels left

rFire    . . .     SeeInvis .   b - staff of conjuration
rCold    . . .     Faith    .   (no shield)
rNeg     . . .     Spirit   .   d - +0 robe
rPois    .         Reflect  .   (no helmet)
rElec    .         Harm     .   (no cloak)
rCorr    .         Rampage  .   (no gloves)
Will     .....                  (no boots)
Stlth    ++........             (no amulet)
HPRegen  0.04/turn              (no ring)
MPRegen  0.08/turn              (no ring)

@: no status effects
A: no striking features
a: no special abilities


You were on level 1 of the Dungeon.
You visited 1 branch of the dungeon, and saw 1 of its levels.

Inventory:

Missiles
 c - 24 stones
Armour
 d - a +0 robe (worn)
Magical Staves
 b - a staff of conjuration (weapon)
Scrolls
 a - a scroll of identify {unknown}


   Skills:
 - Level 1.7 Dodging
 - Level 1.7 Stealth
 + Level 2.0 Spellcasting
 - Level 0.8 Transmutations
 * Level 2.8 Earth Magic


You had 3 spell levels left.
You knew the following spells:

 Your Spells              Type           Power      Damage    Failure   Level
a - Sandblast             Erth           20%        2d7       6%          1

Your spell library contained the following spells:

 Spells                   Type           Power      Damage    Failure   Level
 Passwall                 Tmut/Erth      5%         N/A       14%         2
 Stone Arrow              Conj/Erth      18%        3d8       34%         3
 Petrify                  Tmut/Erth      7%         N/A       67%         4


Dungeon Overview and Level Annotations

Branches:
Dungeon (1/15)

Altars:


Message History

Press: ? - help, Shift-Dir - straight line, f - goblin
Aim: a goblin, wielding a +0 club (74% to hit)
You miscast Sandblast.
You are very lightly contaminated with residual magic.
Nothing appears to happen.
Casting: Sandblast (safe; 7% risk of failure)
Confirm with . or Enter, or press ? or * to list all spells.
Aiming: Sandblast (safe; 7% risk of failure)
Press: ? - help, Shift-Dir - straight line, f/p - goblin
Aim: a goblin, wielding a +0 club (74% to hit)
The blast of sand hits the goblin.
You kill the goblin!
No target in view!
You start resting.
Your magical contamination has completely faded away.
Magic restored.
Things that are here:
a +0 club; a goblin corpse
Found 5 gold pieces.
Found a stone staircase leading down.
Found 2 coppery potions and a club.
A gnoll is nearby!
A gnoll is nearby!
A giant cockroach comes into view.
Found 9 gold pieces and a dagger.
The gnoll shouts!
A goblin comes into view. It is wielding a +0 dagger.
Casting: Sandblast (safe; 6% risk of failure)
Confirm with . or Enter, or press ? or * to list all spells.
Aiming: Sandblast (safe; 6% risk of failure)
Press: ? - help, Shift-Dir - straight line, f - gnoll
Aim: a gnoll, wielding a +0 vorpal flail (82% to hit)
The blast of sand misses the gnoll.
The gnoll hits you with a +0 vorpal flail!
Ouch! That really hurt!
Unknown command.
Unknown command.
An endoplasm comes into view.
The gnoll hits you with a +0 vorpal flail!
Ouch! That really hurt!
You die...

.....# #..........#
.....###^.........#
.......#..........#
...)...#..........#
##................#
##................# #....
##..............#######...
.........................
...##..#.g.....g@.......# #
...##.##..##♣♣♣.♣♣♣##...# .##
....#.#...# ♣⌠♣ #...# ....
..#...#...♣♣♣♣♣.♣♣♣♣♣...# ....#
.............⌠.<.⌠÷.....##.....#
##...##...♣♣♣♣♣.♣♣♣♣♣......>..#
.....##...# ♣⌠♣ #...##....#
..........##♣♣♣.♣♣♣##...# ...#
........................# ...#


You could see a gnoll and a goblin.

Vanquished Creatures
  A goblin (D:1)
  A hobgoblin (D:1)
2 creatures vanquished.

Notes
Turn   | Place    | Note
-------+----------+-------------------------------------------
     0 | D:1      | Sharkman1231 the Demonspawn Earth Elementalist began the
                  | quest for the Orb.
     0 | D:1      | Reached XP level 1. HP: 13/13 MP: 3/3
   353 | D:1      | Mangled by a gnoll

Illustrated notes

Levels and vault maps discovered:
D:1:      scummos_arrival_forest, layout_basic

Action                   || total
-------------------------++-------
Melee: Unarmed           ||     6
 Cast: Sandblast         ||     6
Armor: Robe              ||     1
Dodge: Dodged            ||     5
